 Dungeon Crawl Stone Soup version 0.21-a0-241-g2cbab09 (webtiles) character file.

1020 Pippin the Sneak (level 8, 0/52 HPs)
             Began as a Kobold Wanderer on Sept 3, 2017.
             Slain by an iguana (12 damage)
             ... on level 4 of the Dungeon.
             The game lasted 00:16:53 (6081 turns).

Pippin the Sneak (Kobold Wanderer)                  Turns: 6081, Time: 00:16:54

Health: 0/52       AC:  2    Str: 11    XL:     8   Next: 46%
Magic:  8/8        EV: 18    Int: 11    God:
Gold:   120        SH:  0    Dex: 17    Spells: 7/7 levels left

rFire    . . .     SeeInvis .   n - +0 short sword (drain)
rCold    . . .     Gourm    .   (shield restricted)
rNeg     . . .     Faith    .   c - +0 robe
rPois    .         Spirit   .   (no helmet)
rElec    .         Reflect  .   q - scarf {repulsion}
rCorr    +         Harm     .   (no gloves)
MR       .....                  (no boots)
Stlth    ++++......             h - amulet of magic regeneration
HPRegen  0.17/turn              g - ring of resist corrosion
MPRegen  0.36/turn              (no ring)

@: repel missiles
A: carnivore 3
a: no special abilities


You were on level 4 of the Dungeon.
You were full.

You visited 1 branch of the dungeon, and saw 4 of its levels.
You also visited: Ossuary.

You collected 120 gold pieces.

Inventory:

Hand Weapons
 n - a +0 short sword of draining (weapon)
 x - a +0 blowgun
Missiles
 j - 47 poisoned needles
Armour
 c - a +0 robe (worn)
 q - a scarf of repulsion (worn)
 v - a +0 buckler
Jewellery
 g - a ring of resist corrosion (left hand)
 h - an amulet of magic regeneration (around neck)
Scrolls
 d - 3 scrolls of remove curse
 e - 2 scrolls of amnesia
 f - 2 scrolls of enchant weapon {unknown}
 k - a scroll of immolation {unknown}
 l - 2 scrolls of teleportation {unknown}
 o - a scroll of noise {unknown}
 p - a scroll of blinking
 t - a scroll of magic mapping
 u - 2 scrolls of identify
 w - a scroll of fear {unknown}
Comestibles
 r - a royal jelly


   Skills:
 + Level 6.4 Fighting
 - Level 7.0 Short Blades
   Level 1.0 Staves
 + Level 5.1 Dodging
 - Level 7.0 Stealth


You had 7 spell levels left.
You didn't know any spells.

Dungeon Overview and Level Annotations

Branches:
Dungeon (4/15)
 Temple: D:4-7

Altars:

Annotations:
D:4 Mulkerokala's ghost, novice OpTm


Innate Abilities, Weirdness & Mutations

You are small and have problems with some larger weapons.
You are carnivorous and can eat meat at any time.


Message History

Items here: ) [[[ an animal skin x2; a whip of freezing; a robe There isn't anything to butcher here.
You swap places.
The iguana hisses angrily.
Throwing (i - inventory):
m - a tomahawk (quivered)
Press: ? - help, Shift-Dir - straight line, f - iguana
Aim: an iguana You throw a tomahawk.
The tomahawk hits the iguana but does no damage.
You hit the iguana.
The iguana is moderately wounded.
The iguana bites you.
* * * LOW HITPOINT WARNING * * *
You hit the iguana.
The iguana is moderately wounded.
You hit the iguana.
The iguana is heavily wounded.
The iguana bites you!
You die...

..#...............####,,,,,,,,*
.,#####+##.#..........,,,,,,,,***
.,*####.##.#<......###,,,,,,,,**,
.,*#.......#.#.#####***,*,,,,,**,
,,*#....p...Z.......,,,,,,,,,,**,
,,*#.........#......,,,,,,,,,,,,,
,,*####......##########.##..,,***
,,* ####.#....p...........,,,,,
,,* *****#....(l@..####.####,,***
,,* #.....########.#*,,,,,,,,,,,,
*** #.....* #...[.#********,,,**
#.....***#.#####********,,,**
#.....,,..,,* *,,,,,**,,,,,,,
#.Z......,,,***,,,,,**,,,,,,,
#.......,,,,,,,,,,,,**,,,,,,,
****,..,,,,,,,,,,,,,**,,,,,>,
**#**,,,,,,,,,,,,**,,,,,,,


You could see an iguana and a neutral freed slave (wandering).

Vanquished Creatures
  Pikel (D:4)
  Sigmund (D:3)
  2 slaves (D:4)
  2 bullfrog zombies (Ossuary)
  An orc priest (D:3)
  4 mummies
  2 worker ants
  A worker ant zombie (Ossuary)
  Robin (D:2)
  7 adders
  An ooze (D:1)
  2 adder skeletons (D:4)
  4 dart slugs
  2 leopard geckos
  4 orcs (D:3)
  6 giant cockroaches
  11 goblins
  6 hobgoblins
  A quokka (D:2)
  8 bats
  6 frilled lizards
  12 kobolds
  6 rats
91 creatures vanquished.

Notes
Turn   | Place    | Note
-------+----------+-------------------------------------------
     0 | D:1      | Pippin the Kobold Wanderer began the quest for the Orb.
     0 | D:1      | Pippin set off with: a +2 short sword, 2 potions of curing, a +0 robe, a +0 dagger, a meat ration
     0 | D:1      | Reached XP level 1. HP: 14/14 MP: 1/1
    40 | D:1      | Reached XP level 2. HP: 18/19 MP: 2/2
   231 | D:1      | Reached XP level 3. HP: 20/23 MP: 3/3
  1346 | D:2      | Reached XP level 4. HP: 28/28 MP: 4/4
  1627 | D:2      | Reached skill level 5 in Stealth
  1836 | D:2      | Noticed Robin
  1851 | D:2      | Killed Robin
  1857 | D:2      | Reached XP level 5. HP: 23/32 MP: 5/5
  3164 | D:3      | Reached skill level 5 in Short Blades
  3721 | D:3      | Noticed Sigmund
  3722 | D:3      | Killed Sigmund
  3722 | D:3      | Reached XP level 6. HP: 37/37 MP: 6/6
  4980 | D:4      | Noticed Mulkerokala's ghost (novice OpTm)
  5012 | D:4      | Found a sand-covered staircase.
  5017 | Ossuary  | Entered an ossuary
  5039 | Ossuary  | Reached XP level 7. HP: 6/42 MP: 7/7
  5158 | Ossuary  | HP: 2/44 [bullfrog zombie (5)]
  5721 | D:4      | Noticed Pikel
  6051 | D:4      | Killed Pikel
  6051 | D:4      | Reached skill level 5 in Dodging
  6051 | D:4      | Reached XP level 8. HP: 35/52 MP: 8/8
  6081 | D:4      | Slain by an iguana

Vault maps used:
D:1:      lightli_arrival_lavapool
D:2:      uniq_robin
D:3:      uniq_sigmund
D:4:      nicolae_ossuary_entry_false_entrances, uniq_pikel
Ossuary:  ossuary_zaba_flooded

Skill      XL: |  1  2  3  4  5  6  7 |
---------------+----------------------+-----
Short Blades   | 3 4 6 7 |  7.0
Stealth        | 3 4 5 6 7 |  7.0
Fighting       | 6 |  6.4
Dodging        | 5 |  5.1
Staves         | |  1.0

Action                   |  1- 3 |  4- 6 |  7- 9 || total
-------------------------+-------+-------+-------++-------
Melee: Short sword       |    65 |   135 |   162 ||   362
Throw: Tomahawk          |     3 |     6 |     1 ||    10
  Use: Scroll            |       |     5 |     2 ||     7
       Potion            |       |       |     7 ||     7
 Stab: Sleeping          |     7 |    19 |       ||    26
  Eat: Chunk             |       |    13 |     2 ||    15
       Meat ration       |       |     1 |       ||     1
Armor: Robe              |    11 |    10 |     9 ||    30
       Skin              |       |       |    19 ||    19
Dodge: Dodged            |    34 |    47 |    70 ||   151
       Deflected         |       |     1 |       ||     1

Table legend:
 A = Spawn XP
 B = Non-spawn XP
 C = Spawn XP percentage of total XP
 D = Spawn monster count
 E = Non-spawn monster count
 F = Spawn count percentage of total count
 G = Total turns spent on level
                    A         B        C        D         E        F      G
               +---------+---------+-------+---------+---------+-------+---------
         Total |      20 |    1438 |   1.4 |       9 |      80 |  10.1 |  6081
               +---------+---------+-------+---------+---------+-------+---------
           D:1 |       1 |      44 |   2.2 |       1 |      23 |   4.2 |   810
           D:2 |      12 |     113 |   9.6 |       4 |      23 |  14.8 |  2365
           D:3 |       7 |     337 |   2.0 |       4 |      18 |  18.2 |  2361
           D:4 |       0 |     724 |   0.0 |       0 |      10 |   0.0 |   304
       Ossuary |       0 |     220 |   0.0 |       0 |       6 |   0.0 |   241
               +---------+---------+-------+---------+---------+-------+---------
